 Dungeon Crawl Stone Soup version 0.27-a0-1442-g87b6fcb595 (webtiles) character file.

Game seed: 10685472597080724557

1409 tilp the Summoner (level 8, -12/64 HPs)
             Began as a Barachi Summoner on July 4, 2021.
             Mangled by a two-headed ogre (13 damage)
             ... on level 7 of the Dungeon.
             The game lasted 00:13:36 (11417 turns).

tilp the Summoner (Barachi Summoner)               Turns: 11417, Time: 00:13:36

Health: -12/64     AC:  8    Str: 14    XL:     8   Next: 70%
Magic:  0/14       EV: 13    Int: 16    God:
Gold:   30         SH:  0    Dex: 13    Spells: 4/16 levels left

rFire    . . .     SeeInvis .   a - +1 rapier
rCold    . . .     Faith    .   (no shield)
rNeg     + . .     Spirit   .   m - +3 leather armour of Kessi {rN+ Str+3}
rPois    .         Reflect  .   (no helmet)
rElec    .         Harm     .   j - +0 cloak
rCorr    .         Rampage  .   f - +0 pair of gloves
Will     .....                  (no boots)
Stlth    ++........             (no amulet)
HPRegen  0.20/turn              (no ring)
MPRegen  0.14/turn              (no ring)

@: mighty, unable to hop, very slightly contaminated, invisible, slow
A: amphibious, slowness 1, strong legs 1, +LOS
a: Hop


You were on level 7 of the Dungeon.
You visited 2 branches of the dungeon, and saw 8 of its levels.

You collected 356 gold pieces.
You spent 326 gold pieces at shops.

Inventory:

Hand Weapons
 a - a +1 rapier (weapon)
 b - a +0 dagger of venom
 c - a +0 spear
 d - a +0 mace
 k - a +0 trident
 n - a +0 broad axe
 x - a +0 trident
Armour
 f - a +0 pair of gloves (worn)
 j - a +0 cloak (worn)
 m - the +3 leather armour of Kessi (worn) {rN+ Str+3}
   (You bought it in a shop on level 2 of the Dungeon)

   Str:       It affects your strength (+3).
   rN:        It protects you from negative energy.
Wands
 i - a wand of digging (6)
 q - a wand of flame (7)
Scrolls
 h - a scroll of amnesia
 w - 4 scrolls of identify
 y - 3 scrolls of enchant weapon
 z - a scroll of teleportation {unknown}
Potions
 g - a potion of invisibility
 l - a potion of heal wounds
 o - 3 potions of curing
 p - 2 potions of attraction
 s - a potion of cancellation {unknown}
 t - 2 potions of flight {unknown}
 u - a potion of ambrosia {unknown}
 A - a potion of resistance {unknown}


   Skills:
 - Level 6.0 Fighting
 - Level 4.0 Dodging
 - Level 4.0 Stealth
 + Level 4.5 Spellcasting
 + Level 8.4 Summonings
 + Level 2.1 Air Magic
 + Level 1.9 Evocations


You had 4 spell levels left.
You knew the following spells:

 Your Spells              Type           Power      Damage    Failure   Level
b - Call Imp              Summ           30%        N/A       1%          2
c - Call Canine Familiar  Summ           30%        N/A       1%          3
d - Summon Guardian Gole  Hex/Summ       17%        N/A       11%         3
f - Summon Lightning Spi  Summ/Air       20%        N/A       22%         4

Your spell library contained the following spells:

 Spells                   Type           Power      Damage    Failure   Level
 Summon Small Mammal      Summ           100%       N/A       1%          1
 Freeze                   Ice            12%        1d4       21%         1
 Frozen Ramparts          Ice            6%         1d2       52%         3
 Gell's Gravitas          Tloc           1%         N/A       52%         3
 Lesser Beckoning         Tloc           1%         N/A       52%         3
 Teleport Other           Tloc           3%         N/A       52%         3
 Hailstorm                Conj/Ice       3%         3d3       90%         4
 Orb of Destruction       Conj           1%         N/A       100%        7
 Spellforged Servitor     Conj/Summ      8%         N/A       100%        7


Dungeon Overview and Level Annotations

Branches:
Dungeon (7/15)             Temple (1/1) D:4

Altars:
Ashenzari
Cheibriados
Dithmenos
Elyvilon
Fedhas
Hepliaklqana
Makhleb
Nemelex Xobeh
Ru
Sif Muna
Uskayaw
Wu Jian
Yredelemnul
Zin
The Shining One

Shops:
D:2 *   D:7 !(*

Annotations:
D:2 Terence
D:3 Grinder
D:5 2 transporters, exclusion: water moccasin
D:6 exclusion: water moccasin
D:7 exclusions: steam dragon and wyvern


Innate Abilities, Weirdness & Mutations

You are amphibious.
You cover ground slowly.
You can hop short distances.
You have an extended range of vision and can be seen from far away.


Message History

The two-headed ogre is heavily wounded.
The two-headed ogre hits your crimson imp with a +0 giant club!!
Your crimson imp dies!
Your crimson imp hits the two-headed ogre.
Unknown command.
Throw: 2 darts (poison)
Press: ? - help, Q - select action, (/) - cycle Shift-Dir - straight line, f/p - two-headed ogre
Aim: a two-headed ogre, wielding two +0 giant clubs (heavily wounded, poisoned, ally target, 75% to hit)
You throw a poisoned dart.
The poisoned dart hits the two-headed ogre.
The two-headed ogre looks even sicker.
The two-headed ogre is heavily wounded.
Your crimson imp hits the two-headed ogre.
Unknown command.
Throw: dart (poison)
Press: ? - help, Q - select action, (/) - cycle Shift-Dir - straight line, f/p - two-headed ogre
Aim: a two-headed ogre, wielding two +0 giant clubs (heavily wounded, very poisoned, ally target, 75% to hit)
You throw a poisoned dart.
The poisoned dart barely misses the two-headed ogre.
Unknown command.
Casting: Call Imp (safe; 1% risk of failure)
Confirm with . or Enter, or press ? or * to list all spells.
A shadowy apparition takes form in the air.
Your crimson imp blinks!
Your crimson imp barely misses the two-headed ogre.
Unknown command.
You puncture the two-headed ogre!
The two-headed ogre is severely wounded.
The two-headed ogre hits you with a +0 giant club!!
* * * LOW HITPOINT WARNING * * *
The two-headed ogre closely misses you.
Your crimson imp blinks!
Your shadow imp closely misses the two-headed ogre.
You catch the helpless two-headed ogre completely off-guard!
You puncture the two-headed ogre!
The two-headed ogre is almost dead.
Your shadow imp hits the two-headed ogre.
The two-headed ogre barely misses you.
The two-headed ogre hits you with a +0 giant club!
You die...

#...........#.###....
#........+..>........
#........#...........
########(########.#.#
######(...(.......#|#
#...§.(..(.########.#
#...5.§(...# #.#
#..5O.5....# #.#
#...@......# ##'#
#######....# #...
###### #... ###...
############## #.....
#.....5...)..# #.....
#.#######....# #.....
#.# #....# ###... #5#
#....#####...


You could see a two-headed ogre (poisoned, ally target), 2 friendly crimson imps
and a friendly shadow imp (summoned).

Vanquished Creatures
  Eustachio (D:6)
  Menkaure (D:4)
  2 necrophages
  2 ogres
  A centaur (D:6)
  A phantom (D:5)
  A scorpion (D:5)
  A water moccasin skeleton (D:4)
  An electric eel (D:7)
  2 hounds
  A jelly (D:4)
  2 adders
  A howler monkey skeleton (D:4)
  An ufetubus (D:4)
  A worm (D:4)
  4 dart slugs
  4 orcs
  5 bats
  3 endoplasms
  A giant cockroach (D:2)
  7 hobgoblins
  6 jackals
  A quokka (D:3)
  5 ball pythons
  2 frilled lizards
  3 goblins
  9 kobolds
  2 rats (D:2)
71 creatures vanquished.

Vanquished Creatures (collateral kills)
  Prince Ribbit (D:6)
  An ice beast (D:7)
  A kobold brigand (D:6)
  Blork the orc (D:6)
  A scorpion (D:7)
  A water moccasin zombie (D:5)
  A water moccasin skeleton (D:6)
  A jelly (D:4)
  2 orc priests
  A centaur skeleton (D:6)
  Jessica (D:3)
  2 iguanas
  3 orc wizards (D:7)
  A hound zombie (D:5)
  3 adders
  A white imp (D:5)
  An ufetubus (D:5)
  6 orcs
  An endoplasm (D:1)
  A goblin (D:2)
  3 hobgoblins
  A jackal (D:3)
  A quokka (D:2)
  A ball python (D:1)
  3 bats
  2 frilled lizards
  3 kobolds
  A rat (D:2)
46 creatures vanquished.

Grand Total: 117 creatures vanquished

Notes
Turn   | Place    | Note
-------+----------+-------------------------------------------
     0 | D:1      | tilp the Barachi Summoner began the quest for the Orb.
     0 | D:1      | Reached XP level 1. HP: 13/13 MP: 3/3
   223 | D:1      | Reached skill level 1 in Fighting
   398 | D:1      | Reached XP level 2. HP: 22/22 MP: 0/5
   401 | D:1      | Learned a level 2 spell: Call Imp
  1220 | D:1      | Reached skill level 5 in Summonings
  1697 | D:2      | Reached XP level 3. HP: 18/27 MP: 1/7
  1778 | D:2      | Learned a level 3 spell: Call Canine Familiar
  2002 | D:2      | Found Pykhliad's Assorted Antiques.
  2007 | D:2      | Bought a viscous blue potion for 18 gold pieces
  2007 | D:2      | Bought a scroll labelled OFIMUMESTRIT for 20 gold pieces
  2199 | D:2      | Noticed Terence
  2613 | D:2      | Found a faded altar of an unknown god.
  3089 | D:3      | Noticed Jessica
  3095 | D:3      | Killed Jessica
  3096 | D:3      | Reached XP level 4. HP: 32/33 MP: 2/8
  3732 | D:3      | Noticed Grinder
  3821 | D:3      | Reached skill level 6 in Summonings
  4632 | D:2      | Bought a blue potion for 18 gold pieces
  4632 | D:2      | Bought a dark potion for 18 gold pieces
  5054 | D:4      | Noticed Menkaure
  5453 | D:4      | Found a staircase to the Ecumenical Temple.
  5463 | Temple   | Entered the Ecumenical Temple
  5548 | D:4      | Noticed an ogre
  5601 | D:4      | Killed Menkaure
  5602 | D:4      | Reached XP level 5. HP: 15/41 MP: 5/9
  5640 | D:4      | Killed an ogre
  5641 | D:4      | Reached XP level 6. HP: 23/47 MP: 1/10
  6944 | D:5      | Entered Level 5 of the Dungeon
  6971 | D:5      | Found a transporter.
  7028 | D:5      | Found a transporter.
  7044 | D:5      | Found a snail-covered altar of Cheibriados.
  7256 | D:5      | Noticed a water moccasin
  7338 | D:5      | Noticed a necrophage
  7349 | D:5      | Killed a necrophage
  7350 | D:5      | Reached XP level 7. HP: 54/54 MP: 4/11
  8086 | D:2      | Bought a faintly glowing leather armour for 140 gold pieces
  8086 | D:2      | Identified the +3 leather armour of Kessi {rN+ Str+3} (You
                  | bought it in a shop on level 2 of the Dungeon)
  8294 | D:6      | Noticed Eustachio
  8538 | D:6      | Reached skill level 7 in Summonings
  8898 | D:6      | Learned a level 3 spell: Summon Guardian Golem
  8903 | D:6      | Learned a level 4 spell: Summon Lightning Spire
  8954 | D:6      | Noticed Blork the orc
  9207 | D:6      | Reached skill level 8 in Summonings
  9207 | D:6      | Reached XP level 8. HP: 51/60 MP: 7/14
  9435 | D:6      | Killed Blork the orc
  9465 | D:6      | Killed Eustachio
  9466 | D:6      | Reached skill level 5 in Fighting
  9704 | D:6      | Noticed Prince Ribbit
  9715 | D:6      | Killed Prince Ribbit
 10175 | D:7      | Found Qeosoipn's Antique Weapon Emporium.
 10208 | D:7      | Reached skill level 1 in Air Magic
 10422 | D:7      | Found Gunkosto's General Store.
 10808 | D:7      | Reached skill level 1 in Evocations
 10895 | D:7      | Noticed a wyvern
 11166 | D:7      | Found Tacloi's Distillery.
 11175 | D:7      | Bought a potion of curing for 42 gold pieces
 11175 | D:7      | Bought a potion of heal wounds for 70 gold pieces
 11211 | D:7      | Noticed a two-headed ogre
 11416 | D:7      | HP: 1/64 [two-headed ogre (27)]
 11417 | D:7      | Mangled by a two-headed ogre

Illustrated notes

Levels and vault maps discovered:
D:1:      denvon_arrival_planthouse, layout_basic, serial_bayou_ford_a,
          minmay_door_square, minmay_misc_feat_nine_boxes,
          minmay_misc_feat_enclosed, grunt_decor_clamped
D:2:      layout_loops_ring, hellmonk_ecumenical_altar_inner_sanctum,
          serial_shops, shop, uniq_terence
D:3:      layout_loops_corners, amcnicky_mini_pool_small, grunt_ministairs_12,
          uniq_jessica, uniq_grinder
D:4:      layout_loops_corners, minmay_temple_entry_stoned_glass, minmay_puff,
          uniq_menkaure
D:5:      gammafunk_steamed_eel, layout_gridville, amcnicky_altar_gilded
D:6:      layout_cave_pools, uniq_eustachio, uniq_blork_the_orc,
          uniq_prince_ribbit1
D:7:      layout_basic, tgw_trog, serial_shops, shop, nicolae_take_the_stairs,
          shop_statue, glass_columns_b, minmay_crystal_water, minivault_5
Temple:   zaba_magenta_temple

Skill      XL: |  1  2  3  4  5  6  7  8 |
---------------+-------------------------+-----
Fighting       | 1 2 3 4 6 |  6.0
Summonings     | 5 6 8 |  8.4
Spellcasting   | 3 4 |  4.5
Stealth        | 2 3 4 |  4.0
Dodging        | 3 4 |  4.0
Air Magic      | 2 |  2.1
Evocations     | 1 |  1.9

Action                   |  1- 3 |  4- 6 |  7- 9 || total
-------------------------+-------+-------+-------++-------
Melee: Rapier            |    79 |    97 |   118 ||   294
       Unarmed           |     2 |       |       ||     2
Throw: Dart              |       |       |     8 ||     8
 Cast: Summon Small Mamm |    13 |       |       ||    13
       Call Imp          |    26 |    28 |    56 ||   110
       Call Canine Famil |     1 |     9 |    19 ||    29
       Summon Guardian G |       |       |     2 ||     2
 Abil: Hop               |       |     2 |     4 ||     6
Evoke: Wand              |       |       |     2 ||     2
  Use: Scroll            |     4 |     7 |     1 ||    12
       Potion            |       |     1 |     3 ||     4
 Stab: Sleeping          |     2 |     3 |     1 ||     6
       Distracted        |     1 |       |     1 ||     2
       Invisible         |       |       |     1 ||     1
Armor: Robe              |    18 |       |       ||    18
       Leather armour    |     4 |     4 |    57 ||    65
       Ring mail         |       |    36 |     8 ||    44
Dodge: Dodged            |    74 |    68 |   130 ||   272

Table legend: (Time is in decaauts)
 A = Elapsed time spent in this place.
 B = Non-inter-level travel time spent in this place.
 C = Inter-level travel time spent in this place.
 D = Time resting spent in this place.
 E = Time spent auto-exploring this place.
 F = Levels seen in this place.
 G = Mean time per level.
                   A        B        C        D        E       F      G
               +--------+--------+--------+--------+--------+-----+--------+
         Total |  12670 |  11687 |    983 |   2527 |   7794 |   8 | 1583.8 |
       Dungeon |  12586 |  11624 |    962 |   2527 |   7733 |   7 | 1798.0 |
        Temple |     83 |     62 |     21 |      0 |     61 |   1 |   83.0 |
               +--------+--------+--------+--------+--------+-----+--------+

Top non-repeatable levels by time:
     D:4: 2269 daAuts
     D:3: 2232 daAuts
     D:5: 1845 daAuts
     D:1: 1754 daAuts
     D:2: 1586 daAuts
     D:7: 1460 daAuts
     D:6: 1437 daAuts
  Temple: 83 daAuts
